 Dungeon Crawl Stone Soup version 0.23.2-40-g277498a001 (webtiles) character file.

Game seed: 7664188506924587129

30608 Htamos the Fighter (level 13, 0/112 HPs)
             Began as a Demonspawn Berserker on Aug 31, 2019.
             Was a High Priest of Trog.
             Slain by a vampire knight
             ... wielding a +0 great mace
              (14 damage)
             ... while paralysed by a vampire knight
             ... on level 12 of the Dungeon.
             The game lasted 00:36:29 (13916 turns).

Htamos the Fighter (Demonspawn Berserker)          Turns: 13916, Time: 00:36:29

Health: 0/112      AC: 21    Str: 26    XL:     13   Next: 21%
Magic:  13/13      EV:  2    Int: 14    God:    Trog [*****.]
Gold:   828        SH:  0    Dex: 12    Spells: 12/12 levels left

rFire    + . .     SeeInvis .   a - +4 hand axe (freeze)
rCold    . . .     Gourm    .   J - +0 large shield
rNeg     . . .     Faith    .   n - +0 plate armour
rPois    .         Spirit   .   u - +2 hat
rElec    +         Reflect  .   L - +0 cloak
rCorr    .         Harm     .   (no gloves)
MR       .....                  (no boots)
Stlth    ..........             (no amulet)
HPRegen  0.28/turn              i - +5 ring of strength
MPRegen  0.13/turn              B - +3 ring of intelligence

@: paralysed, very slightly contaminated, hasted, invisible
A: horns 2, thin metallic scales 3, fire resistance 1, nightstalker 1
a: Berserk, Trog's Hand, Brothers in Arms, Renounce Religion


You were on level 12 of the Dungeon.
You worshipped Trog.
Trog was extremely pleased with you.
You were not hungry.

You visited 1 branch of the dungeon, and saw 13 of its levels.

You collected 993 gold pieces.
You spent 165 gold pieces at shops.

Inventory:

Hand Weapons
 a - a +4 hand axe of freezing (weapon)
 p - a +0 scimitar of flaming
 r - a +1 war axe
 v - the +4 halberd of Loshodiecri {chop, rElec Dex+4 SInv}
   (You found it on level 8 of the Dungeon)

   It inflicts extra damage upon your enemies.
   It affects your dexterity (+4).
   It insulates you from electricity.
   It lets you see invisible.
 H - a +0 hand axe of electrocution
Armour
 b - a +0 animal skin
 f - a +0 helmet
 l - a +1 ring mail of fire resistance
 n - a +0 plate armour (worn)
 u - a +2 hat (worn)
 z - a +0 pair of gloves (quivered)
 I - a +0 troll leather armour
 J - a +0 large shield (worn)
 L - a +0 cloak (worn)
Jewellery
 i - a +5 ring of strength (left hand)
 k - an uncursed amulet of rage
 B - a +3 ring of intelligence (right hand)
 F - an uncursed ring of fire {unknown}
 M - an uncursed ring of see invisible {unknown}
 R - the ring of Voilaseb {MR+ Str+3, unknown}
   (You found it on level 12 of the Dungeon)

   [ring of strength]

   It affects your strength (+3).
   It affects your resistance to hostile enchantments.
Wands
 O - a wand of polymorph (3)
 P - a wand of flame (37)
Scrolls
 d - 7 scrolls of teleportation
 g - 6 scrolls of fog
 h - a scroll of blinking
 m - 7 scrolls of identify
 q - 4 scrolls of fear
 t - 2 scrolls of amnesia
 w - 8 scrolls of remove curse
 y - 3 scrolls of enchant weapon
Potions
 e - 3 potions of curing
 o - 4 potions of agility
 s - 2 potions of brilliance
 x - a potion of might
 A - a potion of cancellation
 C - a potion of haste
 D - a potion of ambrosia {unknown}
 G - a potion of flight {unknown}
 N - a potion of resistance {unknown}
 S - a potion of berserk rage {unknown}
Comestibles
 c - 30 rations
 E - 4 chunks of flesh


   Skills:
 * Level 13.9 Fighting
 + Level 9.6 Axes
 + Level 9.4 Armour
 - Level 2.0 Dodging
 * Level 10.3 Shields


You had 12 spell levels left.
You didn't know any spells.
Your spell library contained the following spells:

 Spells                   Type           Power        Failure   Level  Hunger
 Magic Dart               Conj           #...         100%        1    ##.....
 Blink                    Tloc           N/A          100%        2    ###....
 Call Imp                 Summ           #.......     100%        2    ###....
 Slow                     Hex            #.......     100%        2    ###....
 Swiftness                Chrm/Air       #.......     100%        2    ###....
 Confuse                  Hex            #.......     100%        3    ####...
 Conjure Flame            Conj/Fire      #.......     100%        3    ####...
 Mephitic Cloud           Conj/Pois/Air  #.......     100%        3    ####...
 Darkness                 Hex            #.........   100%        6    #######
 Ring of Flames           Chrm/Fire      #.........   100%        7    #######


Dungeon Overview and Level Annotations

Branches:
Dungeon (13/15)            Temple (0/1) D:5            Lair (0/6) D:9
    Orc (0/2) D:9
 Vaults: D:13-14

Altars:
Cheibriados
Gozag
Okawaru
Ru
Sif Muna
Trog
Uskayaw
Wu Jian
Yredelemnul
Zin
The Shining One

Shops:
D:4 (   D:9 [   D:12 [


Innate Abilities, Weirdness & Mutations

You have a pair of horns on your head.
You are completely covered in thin metallic scales. (AC +4, rElec)
Your flesh is heat resistant. (rF+)
You are slightly more attuned to the shadows.


Message History

You are very lightly contaminated with residual magic.
It was a potion of haste.
You feel yourself speed up.
You hear some strange, mumbled words.
You suddenly lose the ability to move!
The vampire mosquito completely misses you.
Something completely misses you. Something bites you but does no damage.
The vampire mosquito bites you.
* * * LOW HITPOINT WARNING * * *
The vampire mosquito draws strength from your injuries!
Something hits you but does no damage. Something bites you but does no damage.
A vampire knight appears from thin air!
Reactivating autopickup.
The vampire mosquito bites you!
* * * LOW HITPOINT WARNING * * *
The vampire mosquito draws strength from your injuries!
The vampire mosquito bites you.
* * * LOW HITPOINT WARNING * * *
The vampire mosquito draws strength from your injuries!
The vampire knight hits you with a +0 great mace!
You die...

...+..#...#.......#......#.......
...#..#...#.......#......#.......
...#..#...#...)...########.......
...#..'...#......................
...#..#####.........)..(.........
####.............................
...............[.................
...............yV................
................@................
..................####........###
#####.............# #........#
############### ##########


You could see a vampire knight and a vampire mosquito.

Vanquished Creatures
  Azrael (D:13)
  2 vault guards
  2 two-headed ogres
  Urug (D:11)
  4 death yaks (D:12)
  2 centaur warriors (D:13)
  An unseen horror (D:12)
  Pikel (D:4)
  A phantasmal warrior (D:11)
  2 ugly things
  A wolf spider zombie (D:13)
  A cyclops (D:12)
  Psyche (D:11)
  3 gargoyles
  4 centaur skeletons
  2 trolls
  3 meliai (D:12)
  3 tyrant leeches (D:13)
  2 dream sheep (D:8)
  2 hippogriffs
  3 vampires (D:13)
  Sigmund (D:2)
  2 fire elementals (D:13)
  A wyvern (D:12)
  18 yaks
  A water elemental (D:12)
  4 hungry ghosts
  A basilisk (D:13)
  2 vampire mosquitoes (D:13)
  Menkaure (D:4)
  3 wargs (D:9)
  An acid dragon (D:13)
  7 orc warriors
  3 ice beasts
  4 hell hounds (D:13)
  A black bear (D:8)
  A sky beast (D:10)
  An eye of draining (D:13)
  5 phantoms
  2 necrophages
  6 ogres
  13 centaurs
  4 big kobolds
  4 bullfrogs
  Blork the orc (D:4)
  A wyvern zombie (D:12)
  A gnoll sergeant (D:6)
  A wyvern skeleton (D:12)
  3 scorpions
  5 killer bees (D:8)
  17 wights
  A howler monkey (D:13)
  3 centaur zombies
  3 bullfrog zombies
  5 crimson imps
  9 orc wizards
  A quasit (D:12)
  6 orc priests
  2 bullfrog skeletons
  6 hounds
  A jelly (D:9)
  Jessica (D:2)
  4 iguanas
  Natasha (thrice) (D:2)
  12 worker ants
  A hound skeleton (D:11)
  A worker ant zombie (D:9)
  4 gnolls
  A howler monkey skeleton (D:6)
  8 adders
  2 shadow imps (D:12)
  An ooze (D:1)
  An adder zombie (D:6)
  An adder skeleton (D:8)
  5 worms
  2 dart slugs
  5 leopard geckos
  33 orcs
  3 giant cockroaches
  3 goblins
  10 hobgoblins
  8 jackals
  2 kobolds (D:13)
  2 quokkas
  3 ball pythons
  4 bats
  3 frilled lizards
  4 rats
321 creatures vanquished.

Vanquished Creatures (collateral kills)
  Snorg (D:11)
  2 vault guards (D:13)
  A hydra (D:8)
  A centaur warrior (D:13)
  3 meliai (D:13)
  A big kobold (D:8)
9 creatures vanquished.

Vanquished Creatures (others)
  A slave (D:4)
  An ogre (D:4)
  A hound (D:13)
3 creatures vanquished.

Grand Total: 333 creatures vanquished

Notes
Turn   | Place    | Note
-------+----------+-------------------------------------------
     0 | D:1      | Htamos the Demonspawn Berserker began the quest for the
                  | Orb.
     0 | D:1      | Reached XP level 1. HP: 18/18 MP: 1/1
    93 | D:1      | Gained mutation: Your flesh is heat resistant. (rF+)
                  | [demonic ancestry]
    93 | D:1      | Reached XP level 2. HP: 24/24 MP: 2/2
   758 | D:2      | Found a hide-covered altar of Uskayaw.
   760 | D:2      | Noticed Sigmund
   816 | D:1      | Gained mutation: You have a pair of small horns on your
                  | head. [demonic ancestry]
   816 | D:1      | Reached XP level 3. HP: 8/29 MP: 3/3
   993 | D:2      | Killed Sigmund
   993 | D:2      | Reached skill level 4 in Fighting
   993 | D:2      | Reached XP level 4. HP: 21/38 MP: 4/4
   993 | D:2      | Gained mutation: You are partially covered in thin metallic
                  | scales. (AC +2) [demonic ancestry]
   993 | D:2      | Reached XP level 5. HP: 24/43 MP: 5/5
  1199 | D:2      | Noticed Jessica
  1208 | D:2      | Killed Jessica
  1279 | D:2      | Noticed Natasha
  1290 | D:2      | Killed Natasha
  1290 | D:2      | Reached skill level 5 in Fighting
  1360 | D:2      | Noticed Natasha
  1374 | D:2      | Killed Natasha
  1374 | D:2      | Reached ** piety under Trog
  1374 | D:2      | Gained mutation: You have a pair of horns on your head.
                  | [demonic ancestry]
  1374 | D:2      | Reached XP level 6. HP: 17/51 MP: 6/6
  1745 | D:2      | Noticed Natasha
  1751 | D:2      | Killed Natasha
  2310 | D:3      | Found a deep blue altar of Sif Muna.
  2476 | D:3      | Found a basalt altar of Yredelemnul.
  2733 | D:4      | Noticed Menkaure
  3003 | D:4      | Killed Menkaure
  3003 | D:4      | Reached skill level 6 in Fighting
  3003 | D:4      | Reached XP level 7. HP: 58/58 MP: 7/7
  3091 | D:4      | Found Izumm's Antique Weapon Shoppe.
  3100 | D:4      | Bought a brightly glowing whip for 165 gold pieces
  3100 | D:4      | Identified the cursed +1 whip of Nosmig {slash, rN+ MR+}
                  | (You bought it in a shop on level 4 of the Dungeon)
  3155 | D:4      | Found an ornate altar of the Wu Jian Council.
  3297 | D:4      | Found an iron altar of Okawaru.
  3313 | D:4      | Noticed Pikel
  3336 | D:4      | Killed Pikel
  3336 | D:4      | Reached skill level 7 in Fighting
  3336 | D:4      | Reached skill level 5 in Axes
  3336 | D:4      | Reached XP level 8. HP: 67/67 MP: 8/8
  3504 | D:4      | Noticed Blork the orc
  3524 | D:4      | Killed Blork the orc
  3798 | D:5      | Entered Level 5 of the Dungeon
  3831 | D:5      | Reached *** piety under Trog
  3831 | D:5      | Reached skill level 8 in Fighting
  3831 | D:5      | Reached skill level 5 in Armour
  4257 | D:5      | Found a basalt altar of Yredelemnul.
  4353 | D:5      | Found a staircase to the Ecumenical Temple.
  4647 | D:5      | Found a sacrificial altar of Ru.
  4884 | D:6      | Gained mutation: You are slightly more attuned to the
                  | shadows. [demonic ancestry]
  4884 | D:6      | Reached XP level 9. HP: 75/75 MP: 9/9
  5090 | D:6      | Reached skill level 9 in Fighting
  5111 | D:6      | Found a basalt altar of Yredelemnul.
  5638 | D:6      | Reached skill level 1 in Shields
  6520 | D:7      | Reached **** piety under Trog
  6828 | D:8      | Reached skill level 10 in Fighting
  7220 | D:8      | Found a snail-covered altar of Cheibriados.
  7304 | D:8      | Reached XP level 10. HP: 85/85 MP: 10/10
  7547 | D:8      | Received a gift from Trog
  7567 | D:8      | Found a glowing golden altar of the Shining One.
  7821 | D:8      | Noticed a two-headed hydra
  7830 | D:8      | Killed a two-headed hydra
  7830 | D:8      | Reached skill level 5 in Shields
  7841 | D:8      | Got a jewelled halberd
  7843 | D:8      | Identified the +4 halberd of Loshodiecri {chop, rElec Dex+4
                  | SInv} (You found it on level 8 of the Dungeon)
  8134 | D:9      | Found Doiwn's Armour Boutique.
  8143 | D:9      | Found a staircase to the Orcish Mines.
  8148 | D:9      | Reached skill level 11 in Fighting
  8392 | D:9      | Found a bloodstained altar of Trog.
  8416 | D:9      | Found a staircase to the Lair.
  8854 | D:9      | Gained mutation: You are mostly covered in thin metallic
                  | scales. (AC +3) [demonic ancestry]
  8854 | D:9      | Reached XP level 11. HP: 93/93 MP: 11/11
  8986 | D:10     | Entered Level 10 of the Dungeon
  9148 | D:10     | Found a glowing silver altar of Zin.
  9635 | D:11     | Noticed a two-headed ogre
  9638 | D:11     | Killed a two-headed ogre
  9705 | D:11     | Reached ***** piety under Trog
  9800 | D:11     | Noticed Urug
  9811 | D:11     | Killed Urug
 10175 | D:11     | Noticed a phantasmal warrior
 10186 | D:11     | Killed a phantasmal warrior
 10195 | D:11     | Identified the Grimoire of the Catamount
 10212 | D:11     | Noticed Psyche
 10221 | D:11     | Killed Psyche
 10244 | D:11     | Noticed Snorg
 10556 | D:11     | Killed Snorg
 10556 | D:11     | Reached skill level 12 in Fighting
 10592 | D:11     | Noticed a cyan ugly thing
 10603 | D:11     | Killed a cyan ugly thing
 10706 | D:12     | Killed an unseen horror
 10903 | D:12     | Found Miupet's Armour Emporium.
 10971 | D:12     | Noticed a purple ugly thing
 10979 | D:12     | Killed a purple ugly thing
 11115 | D:12     | Identified the +1 chain mail of the Ward {+Fly MR+ Str+3}
 11118 | D:12     | Received a gift from Trog
 11218 | D:12     | Gained mutation: You are completely covered in thin
                  | metallic scales. (AC +4, rElec) [demonic ancestry]
 11218 | D:12     | Reached XP level 12. HP: 79/103 MP: 12/12
 11441 | D:12     | Noticed a death yak
 11441 | D:12     | Noticed a death yak
 11441 | D:12     | Noticed a death yak
 11450 | D:12     | Noticed a two-headed ogre
 11457 | D:12     | Killed a two-headed ogre
 11505 | D:12     | Got a smoking glass ring
 12292 | D:12     | Noticed a death yak
 12312 | D:12     | Killed a death yak
 12315 | D:12     | Killed a death yak
 12315 | D:12     | Reached skill level 13 in Fighting
 12320 | D:12     | Killed a death yak
 12325 | D:12     | Killed a death yak
 12460 | D:13     | Found an opulent altar of Gozag.
 12460 | D:13     | Noticed a centaur warrior
 12473 | D:13     | Killed a centaur warrior
 12708 | D:13     | Noticed a vault guard
 12924 | D:12     | Killed a vault guard
 13107 | D:13     | Noticed Azrael
 13115 | D:13     | Killed Azrael
 13139 | D:13     | Noticed a centaur warrior
 13154 | D:13     | Noticed a vault guard
 13163 | D:13     | Killed a centaur warrior
 13179 | D:13     | Killed a vault guard
 13277 | D:13     | Reached XP level 13. HP: 112/112 MP: 13/13
 13317 | D:13     | Reached skill level 10 in Shields
 13365 | D:13     | Received a gift from Trog
 13894 | D:13     | Noticed a vampire knight
 13914 | D:12     | Paralysed by something for 3 turns
 13916 | D:12     | Slain by a vampire knight

Skill      XL: |  1  2  3  4  5  6  7  8  9 10 11 12 13 |
---------------+----------------------------------------+-----
Armour         | 2 3 4 5 6 7 8 9 |  9.4
Dodging        | 2 |  2.0
Axes           | 3 4 5 6 7 8 9 |  9.6
Fighting       | 4 5 6 7 8 10 11 12 13 | 13.9
Shields        | 3 6 8 9 10 | 10.3

Action                   |  1- 3 |  4- 6 |  7- 9 | 10-12 | 13-15 || total
-------------------------+-------+-------+-------+-------+-------++-------
Melee: Hand axe          |    76 |    88 |    54 |   511 |   102 ||   831
       Headbutt          |     4 |    18 |    65 |   131 |    23 ||   241
       War axe           |       |    20 |   233 |       |       ||   253
Invok: Berserk           |       |     3 |    16 |    27 |     4 ||    50
       Trog's Hand       |       |     1 |       |     1 |       ||     2
       Brothers in Arms  |       |       |       |     4 |     1 ||     5
Evoke: Wand              |       |       |     5 |    19 |       ||    24
  Use: Potion            |     8 |     1 |       |     4 |     4 ||    17
       Scroll            |     2 |       |    14 |     5 |       ||    21
 Stab: Distracted        |       |       |     1 |       |       ||     1
  Eat: Chunk             |       |     9 |    24 |    32 |     2 ||    67
       Ration            |       |       |     2 |     5 |     2 ||     9
Armor: Animal skin       |     7 |       |       |       |       ||     7
       Ring mail         |    10 |    19 |       |       |       ||    29
       Plate armour      |       |    39 |   183 |   210 |    46 ||   478
       Skin              |       |       |       |    13 |     9 ||    22
Dodge: Dodged            |    60 |    50 |    58 |    43 |    11 ||   222
Block: Large shield      |       |       |    77 |   394 |   107 ||   578
